 Dungeon Crawl Stone Soup version 0.20.1-1-g8b1a95d (webtiles) character file.

57906 JeffiDaFish the Peltast (level 14, 0/91 HPs)
             Began as a Gargoyle Fighter on July 18, 2017.
             Was the Champion of Okawaru.
             Splashed by a lich's acid (10 damage)
             ... on level 3 of the Abyss on July 19, 2017.
             The game lasted 00:41:41 (19594 turns).

JeffiDaFish the Peltast (Gargoyle Fighter)         Turns: 19594, Time: 00:41:42

Health: 0/91       AC: 33    Str: 21    XL:     14   Next: 88%
Magic:  16/16      EV:  8    Int:  9    God:    Okawaru [******]
Gold:   981        SH: 22    Dex: 19    Spells: 13/13 levels left

rFire    + + .     SeeInvis .   x - +6 whip (elec)
rCold    . . .     Gourm    .   t - +2 large shield {rF+}
rNeg     + . .     Faith    .   p - +0 plate armour
rPois    ∞         Spirit   .   h - +2 helmet
rElec    +         Reflect  .   b - +2 cloak
rCorr    .         Harm     .   C - +0 pair of gloves
MR       +....                  (no boots)
Stlth    ..........             l - amulet of regeneration
Regen    0.7/turn               y - +6 ring of dexterity
MPRegen  0.2/turn               c - ring of protection from fire

@: about to teleport, flying
A: big wings, hooves 2, negative energy resistance 1, electricity resistance,
unbreathing, petrification resistance, rot immunity, AC +9
a: Stop Flying, Heroism, Finesse, Renounce Religion


You were on level 3 of the Abyss.
You worshipped Okawaru.
Okawaru was exalted by your worship.
You were not hungry.

You visited 3 branches of the dungeon, and saw 21 of its levels.
You visited the Abyss 1 time.
You also visited: Sewer.

You collected 1831 gold pieces.
You spent 850 gold pieces at shops.

Inventory:

Hand Weapons
 x - a +6 whip of electrocution (weapon)
Armour
 b - a +2 cloak (worn)
 h - a +2 helmet (worn)
 p - a +0 plate armour (worn)
 t - a +2 large shield of fire resistance (worn)
 C - a +0 pair of gloves (worn)
Jewellery
 c - a ring of protection from fire (right hand)
 l - an amulet of regeneration (around neck)
 y - a +6 ring of dexterity (left hand)
Wands
 u - a wand of scattershot (4/9)
Scrolls
 e - 8 scrolls of teleportation
 i - 9 scrolls of fear
 j - 2 scrolls of magic mapping
 k - 6 scrolls of amnesia
 m - 5 scrolls of remove curse
 q - 8 scrolls of identify
 E - a scroll of fog
Potions
 d - 3 potions of brilliance
 r - 4 potions of magic
 z - 2 potions of curing
Books
 s - a book of Clouds

   Spells                             Type                      Level
   a - Poisonous Vapours              Poison/Air                   2
   b - Mephitic Cloud                 Conjuration/Poison/Air       3
   c - Conjure Flame                  Conjuration/Fire             3
   d - Freezing Cloud                 Conjuration/Ice/Air          6
   e - Ring of Flames                 Charms/Fire                  7
Comestibles
 a - 12 royal jellies
 f - 13 bread rations
 g - 7 meat rations
 n - 5 chunks of flesh
 v - 5 fruits


   Skills:
 * Level 11.8 Fighting
 * Level 13.4 Maces & Flails
 * Level 12.3 Armour
 + Level 5.0 Dodging
 - Level 3.8 Stealth
 * Level 15.1 Shields
 - Level 0.8 Unarmed Combat
 + Level 3.3 Invocations
 - Level 0.1 Evocations


You had 13 spell levels left.
You didn't know any spells.

Dungeon Overview and Level Annotations

Branches:
Dungeon (14/15)            Temple (1/1) D:6            Lair (6/6) D:11
 Shoals (0/4) Lair:2        Snake (0/4) Lair:4        Slime (0/5) Lair:6
    Orc (0/2) D:12
 Vaults: D:13-14

Altars:
Ashenzari
Cheibriados
Dithmenos
Elyvilon
Fedhas
Gozag
Hepliaklqana
Kikubaaqudgha
Makhleb
Okawaru
Qazlal
Ru
Sif Muna
Trog
Vehumet
Xom
Yredelemnul
Zin
The Shining One
Jiyva

Shops:
D:5 [[=   D:6 }   D:7 }   D:11 %   D:13 *


Innate Abilities, Weirdness & Mutations

You are resistant to torment.
Your stone body is resilient. (AC +9)
You are immune to poison.
Your large and strong wings let you fly indefinitely.
You resist negative energy. (rN+)
You are resistant to electric shocks. (rElec)
You can survive without breathing.
You are immune to petrification.
You are immune to rotting.
You have hoof-like feet.


Message History

You kill the efreet!
Okawaru accepts your kill.
The hell hog convulses!
The large abomination convulses!
You block the lich's attack.
The lich is lost in a daze.
The bone dragon bites you but does no damage.
The bone dragon claws you but does no damage.
The bone dragon tramples you but does no damage.
You block the hell hog's attack.
You hit the lich. Lightning courses through the lich! You kick the lich!
The lich is severely damaged.
The golden eye blinks!
The lich touches you.
You whack the lich!
The lich is almost destroyed.
The hell hog is lost in a daze.
You block the bone dragon's attack. x2
The bone dragon tramples you but does no damage.
The lich gestures at you while chanting.
The bolt of acid hits you!
* * * LOW HITPOINT WARNING * * *
You are splashed with acid!
The acid burns!
You die...

# . ... ..
.....##. # #
.# .#.#..# #
## .. ....#
#.#. ...##..
.#### .# . .
.##.#.#..# #.
. ...#.
⌠.##..# #.
.........#..#
## .......
⌠.. #@###D#
.....
.##....hLD#
33# ..#≈≈≈
##...#X#{#
#..≈≈≈≈
######3.)#
...≈≈≈≈ ≈# #
# #G.. #. ≈
≈≈≈ ### 3§
(#... + ≈≈ ≈
≈≈≈##.## #
##§.# # # # #
. . # .# . #
.


You could see a bone dragon (dazed), a lich (dazed), a hell hog (dazed), a large
abomination (dazed), a neqoxec and a golden eye.

Vanquished Creatures
  A fire dragon (Lair:6)
  6 hydras
  2 vault guards (D:14)
  The ghost of pichaelthompson the Fighter, a novice DsBe of Trog (D:9)
  3 death yaks (Lair:2)
  Urug (Lair:5)
  3 two-headed ogres
  The ghost of kinenseiburu the Ogre Mage, a novice OgWz of Qazlal (D:5)
  Pikel (D:8)
  A lindwurm (Lair:6)
  A deep elf mage (D:13)
  2 cyclopes
  A manticore (D:8)
  2 ugly things
  15 elephants
  4 black mambas
  Maurice (D:11)
  2 centaur skeletons
  3 molten gargoyles (Lair:6)
  6 spiny frogs
  A kobold demonologist (D:9)
  13 komodo dragons
  2 rime drakes
  A yaktaur (D:14)
  2 efreet
  An ancient zyme (Abyss:3)
  A silent spectre (Abyss:3)
  4 trolls
  Prince Ribbit (D:6)
  A hornet (D:7)
  16 blink frogs
  Grinder (D:3)
  A snapping turtle (Lair:2)
  7 hippogriffs
  Sigmund (D:3)
  A vampire (D:13)
  51 yaks
  3 hogs (D:9)
  4 wyverns
  2 humans
  4 basilisks
  A steam dragon (Lair:6)
  3 hungry ghosts
  2 nagas (Lair:4)
  An acid dragon (D:12)
  6 porcupines
  7 water moccasins
  4 hell hounds (Lair:6)
  A swamp drake (Lair:6)
  2 ice beasts (D:6)
  4 orc warriors
  6 sky beasts
  2 slaves (D:8)
  4 necrophages (D:12)
  6 ogres
  5 phantoms
  A wolf (D:10)
  6 centaurs
  15 crocodiles
  19 big kobolds
  12 bullfrogs
  4 scorpions
  A troll zombie (D:12)
  5 killer bees (D:10)
  8 wights
  10 howler monkeys
  5 lava snakes (Lair:6)
  An electric eel (Lair:4)
  6 crimson imps
  A bullfrog zombie (D:12)
  7 hounds
  A centaur zombie (D:12)
  8 orc priests
  Crazy Yiuf (D:3)
  4 jellies
  3 bullfrog skeletons
  Ijyb (D:3)
  Natasha (twice) (D:3)
  4 iguanas
  18 orc wizards
  15 worker ants
  5 ogre zombies (D:12)
  A hound zombie (D:9)
  3 howler monkey skeletons
  2 river rats (Lair:6)
  13 adders
  2 shadow imps
  A white imp (D:10)
  An ufetubus (D:10)
  2 oozes (Sewer)
  An adder skeleton (D:5)
  4 worms (Sewer)
  4 dart slugs
  7 leopard geckos
  49 orcs
  10 giant cockroaches
  7 goblins
  10 hobgoblins
  24 jackals
  3 quokkas
  2 ball pythons
  9 bats
  5 frilled lizards
  5 goblin zombies (D:12)
  2 jackal skeletons (D:4)
  35 kobolds
  2 leopard gecko skeletons (D:7)
  6 orc skeletons (D:12)
  8 orc zombies (D:12)
  5 rats
  A plant (D:11)
616 creatures vanquished.

Vanquished Creatures (others)
  An adder zombie (D:8)
  8 fungi
  2 plants (Lair:6)
  A withered plant (D:12)
12 creatures vanquished.

Grand Total: 628 creatures vanquished

Notes
Turn   | Place    | Note
-------+----------+-------------------------------------------
     0 | D:1      | JeffiDaFish the Gargoyle Fighter began the quest for the Orb.
     0 | D:1      | Reached XP level 1. HP: 14/14 MP: 1/1
    60 | D:1      | Reached XP level 2. HP: 3/19 MP: 2/2
   673 | D:1      | Reached XP level 3. HP: 18/23 MP: 3/3
  1628 | D:2      | Reached XP level 4. HP: 28/28 MP: 4/4
  2100 | D:3      | Noticed Grinder
  2101 | D:3      | Paralysed by Grinder for 6 turns
  2150 | D:3      | Killed Grinder
  2150 | D:3      | Reached skill level 1 in Dodging
  2150 | D:3      | Reached skill level 4 in Shields
  2150 | D:3      | Reached XP level 5. HP: 27/33 MP: 5/5
  2150 | D:3      | Reached XP level 6. HP: 32/38 MP: 6/6
  2359 | D:3      | Noticed Sigmund
  2396 | D:3      | Killed Sigmund
  2396 | D:3      | Reached skill level 5 in Maces & Flails
  2398 | D:3      | Reached XP level 7. HP: 27/43 MP: 7/7
  2634 | D:3      | Found a runed door.
  2638 | D:3      | Noticed Crazy Yiuf
  2645 | D:3      | Killed Crazy Yiuf
  2750 | D:3      | Noticed Ijyb
  2758 | D:3      | Killed Ijyb
  2838 | D:3      | Noticed Natasha
  2852 | D:3      | Killed Natasha
  2904 | D:3      | Noticed Natasha
  2911 | D:3      | Killed Natasha
  2935 | D:4      | Reached skill level 5 in Shields
  3133 | D:4      | Found a radiant altar of Vehumet.
  3323 | D:4      | Reached skill level 5 in Armour
  3323 | D:4      | Reached XP level 8. HP: 24/48 MP: 8/8
  4341 | D:5      | Entered Level 5 of the Dungeon
  4383 | D:5      | Found Hein's Armour Shoppe.
  4383 | D:5      | Noticed kinenseiburu's ghost (novice OgWz)
  4406 | D:5      | Killed kinenseiburu's ghost
  4406 | D:5      | Reached skill level 6 in Shields
  4504 | D:5      | Found Ymeha's Antique Armour Shop.
  4513 | D:5      | Bought a helmet for 148 gold pieces
  4596 | D:5      | Reached XP level 9. HP: 53/53 MP: 9/9
  4674 | D:5      | Reached skill level 5 in Fighting
  4982 | D:5      | Found Neoptip's Jewellery Shop.
  5244 | D:6      | Found Deenub's Gadget Shoppe.
  5269 | D:6      | Reached skill level 7 in Shields
  5414 | D:6      | Found a glowing drain.
  5451 | Sewer    | Entered a sewer
  6277 | D:6      | Noticed Prince Ribbit
  6313 | D:6      | Killed Prince Ribbit
  6324 | D:6      | Found a staircase to the Ecumenical Temple.
  6341 | Temple   | Entered the Ecumenical Temple
  6407 | Temple   | Became a worshipper of Warmaster Okawaru
  6544 | D:6      | Gained mutation: You have large cloven feet. [potion of mutation]
  6544 | D:6      | Gained mutation: You have hoof-like feet. [potion of mutation]
  6890 | D:7      | Identified a scroll of acquirement
  7105 | D:7      | Reached skill level 8 in Shields
  7109 | D:7      | Found Urushum's Gadget Shop.
  7308 | D:7      | Noticed a hornet
  7319 | D:7      | Killed a hornet
  7319 | D:7      | Reached XP level 10. HP: 60/60 MP: 10/10
  7367 | D:7      | Found an opulent altar of Gozag.
  7474 | D:7      | Reached * piety under Okawaru
  8172 | D:8      | Noticed a two-headed ogre
  8188 | D:8      | Killed a two-headed ogre
  8188 | D:8      | Reached skill level 9 in Shields
  8251 | D:8      | Noticed a manticore
  8271 | D:8      | Killed a manticore
  8271 | D:8      | Reached ** piety under Okawaru
  8271 | D:8      | Reached skill level 10 in Maces & Flails
  8577 | D:8      | Found a bloodstained altar of Trog.
  8749 | D:8      | Found a burning altar of Makhleb.
  8749 | D:8      | Noticed a blizzard demon
  8783 | D:8      | Noticed Pikel
  8819 | D:8      | Killed Pikel
  8819 | D:8      | Reached *** piety under Okawaru
  8819 | D:8      | Reached skill level 1 in Stealth
  9204 | D:9      | Reached skill level 10 in Shields
  9204 | D:9      | Reached XP level 11. HP: 66/67 MP: 11/11
  9362 | D:9      | Reached **** piety under Okawaru
  9477 | D:9      | Noticed a soul eater
  9597 | D:9      | Noticed pichaelthompson's ghost (novice DsBe)
  9614 | D:9      | Paralysed by pichaelthompson's ghost for 3 turns
  9640 | D:9      | Killed pichaelthompson's ghost
  9807 | D:10     | Entered Level 10 of the Dungeon
  9893 | D:10     | Reached ***** piety under Okawaru
 10062 | D:10     | Noticed a white ugly thing
 10087 | D:10     | Killed a white ugly thing
 10126 | D:10     | Reached skill level 11 in Shields
 10635 | D:11     | Found a staircase to the Lair.
 10772 | D:11     | Received a gift from Okawaru
 10864 | D:11     | Noticed Maurice
 10872 | D:11     | Killed Maurice
 10907 | D:11     | Found Esuvosi's Food Shoppe.
 11269 | Lair:1   | Entered Level 1 of the Lair of Beasts
 11329 | Lair:1   | Reached XP level 12. HP: 75/75 MP: 12/12
 11639 | Lair:1   | Noticed a five-headed hydra
 11656 | Lair:1   | Killed a five-headed hydra
 12174 | Lair:2   | Found a staircase to the Shoals.
 12236 | Lair:2   | Noticed a five-headed hydra
 12251 | Lair:2   | Killed a five-headed hydra
 12512 | Lair:2   | Reached skill level 12 in Shields
 13052 | Lair:3   | Noticed a death yak
 13053 | Lair:3   | Noticed a death yak
 13054 | Lair:3   | Noticed a death yak
 13079 | Lair:2   | Killed a death yak
 13210 | Lair:2   | Killed a death yak
 13225 | Lair:2   | Killed a death yak
 13291 | Lair:3   | Noticed an eight-headed hydra
 13300 | Lair:3   | Killed an eight-headed hydra
 13300 | Lair:3   | Reached ****** piety under Okawaru
 13300 | Lair:3   | Reached skill level 10 in Armour
 13479 | Lair:3   | Received a gift from Okawaru
 13483 | Lair:3   | Reached XP level 13. HP: 61/80 MP: 13/13
 14005 | Lair:4   | Found a staircase to the Snake Pit.
 14383 | Lair:4   | Reached skill level 13 in Shields
 14863 | Lair:5   | Noticed Urug
 14880 | Lair:5   | Killed Urug
 14880 | Lair:5   | Reached skill level 10 in Fighting
 15446 | Lair:6   | Entered Level 6 of the Lair of Beasts
 15586 | Lair:6   | Received a gift from Okawaru
 15647 | Lair:6   | Reached skill level 14 in Shields
 15918 | Lair:6   | Gained mutation: Your large and strong wings let you fly indefinitely. [Gargoyle growth]
 15918 | Lair:6   | Reached XP level 14. HP: 56/88 MP: 14/14
 16255 | Lair:6   | Reached skill level 1 in Invocations
 16617 | Lair:6   | Found a viscous altar of Jiyva.
 16617 | Lair:6   | Found a staircase to the Slime Pits.
 16836 | Lair:6   | Found a large runed door.
 16851 | Lair:6   | Found a large runed door.
 17061 | Lair:6   | Received a gift from Okawaru
 17960 | D:12     | Found a staircase to the Orcish Mines.
 18610 | D:13     | Found Seec Zoi's General Store.
 18620 | D:13     | Received a gift from Okawaru
 18786 | D:5      | Bought a +6 ring of dexterity for 702 gold pieces
 19256 | D:13     | Reached skill level 15 in Shields
 19374 | D:14     | Found a shadowy altar of Dithmenos.
 19517 | D:14     | Cast into level 3 of the Abyss (a wizard)
 19540 | Abyss:3  | Reached skill level 5 in Dodging
 19580 | Abyss:3  | Noticed a bone dragon
 19580 | Abyss:3  | Noticed a lich
 19594 | Abyss:3  | Splashed by a lich's acid

Skill      XL: |  1  2  3  4  5  6  7  8  9 10 11 12 13 14 |
---------------+-------------------------------------------+-----
Armour         | 4 5 6 7 8 10 11 12 | 12.3
Maces & Flails | 4 5 6 7 9 10 11 12 13 | 13.4
Dodging        | 1 2 3 4 5 |  5.0
Shields        | 4 5 6 8 10 11 12 14 15 | 15.1
Fighting       | 4 6 7 8 9 10 11 | 11.8
Stealth        | 1 3 |  3.8
Invocations    | 3 |  3.3
Unarmed Combat | |  0.8
Evocations     | |  0.1

Action                   |  1- 3 |  4- 6 |  7- 9 | 10-12 | 13-15 || total
-------------------------+-------+-------+-------+-------+-------++-------
Melee: Flail             |   145 |    98 |   523 |       |       ||   766
       Whip              |       |       |    92 |  1012 |  1183 ||  2287
       Kick              |       |       |    14 |   369 |   488 ||   871
       Unarmed           |       |       |       |    15 |       ||    15
 Abil: Fly               |       |       |       |       |     1 ||     1
Evoke: Wand              |       |       |       |       |     1 ||     1
  Use: Potion            |     2 |       |     7 |     2 |    10 ||    21
       Scroll            |     6 |     1 |     7 |     9 |    11 ||    34
 Stab: Invisible         |       |       |       |       |     6 ||     6
       Confused          |       |       |       |       |     1 ||     1
  Eat: Chunk             |     2 |     3 |    17 |    21 |    23 ||    66
Armor: Scale mail        |    92 |    17 |       |       |       ||   109
       Chain mail        |       |    19 |   346 |   113 |       ||   478
       Plate armour      |       |       |       |   260 |   376 ||   636
       Skin              |       |       |       |     2 |       ||     2
Dodge: Dodged            |    63 |    28 |   150 |   169 |   181 ||   591
Block: Shield            |    90 |    48 |   375 |   455 |   394 ||  1362
       Large shield      |       |       |       |       |   200 ||   200
